 Dungeon Crawl Stone Soup version 0.31.0-10-gcf4a605ca0 (webtiles) character file.

Game seed: 10237198282982470673

2571 Pooter the Cleaver (level 9, -2/120 HPs)
             Began as a Minotaur Berserker on Jan 26, 2024.
             Was a Priest of Trog.
             Slain by an orc knight
             ... wielding a +0 halberd
              (30 damage)
             ... in a bailey.
             The game lasted 00:25:30 (6155 turns).

Pooter the Cleaver (Minotaur Berserker)             Turns: 6155, Time: 00:25:31

Health: -2/120     AC: 20    Str: 26    XL:     9   Next: 32%
Magic:  8/8        EV:  3    Int:  4    God:    Trog [***...]
Gold:   262        SH:  6    Dex: 10    Spells: 8/8 levels left

rFire   . . .        a - +0 broad axe (venom)
rCold   . . .        F - +0 kite shield
rNeg    + . .        g - +2 crystal plate armour
rPois   .            c - +2 hat
rElec   .            l - +0 cloak
rCorr   .            (no gloves)
SInv    .            (no boots)
Will    .....        (no amulet) Stlth
                     N - ring of positive energy
HPRegen 0.40/turn    m - +4 ring of slaying
MPRegen 0.11/turn

%: no passive effects
@: berserking (expiring), very quick
A: horns 2, retaliatory headbutt
a: Renounce Religion, Berserk, Trog's Hand


You were in a bailey.
You worshipped Trog.
Trog was most pleased with you.
You visited 1 branch of the dungeon, and saw 8 of its levels.
You also visited: Bailey.

You collected 262 gold pieces.

Inventory:

Hand Weapons
 a - a +0 broad axe of venom (weapon)
   (You found it on level 4 of the Dungeon)
 b - a +0 sling
   (You found it on level 4 of the Dungeon)
 E - a +1 trident of venom
   (You took it off a gnoll sergeant on level 8 of the Dungeon)
Missiles
 q - 2 boomerangs
 s - 4 poisoned darts
 G - a throwing net {!f}
 Q - 60 stones (quivered)
Armour
 c - a +2 hat (worn)
   (You found it on level 1 of the Dungeon)
 g - a +2 crystal plate armour (worn)
   (You took it off an orc warrior in a bailey)
 l - a +0 cloak (worn)
   (You found it on level 3 of the Dungeon)
 F - a +0 kite shield (worn)
   (You took it off a gnoll sergeant on level 8 of the Dungeon)
Jewellery
 m - a +4 ring of slaying (right hand)
   (You found it on level 3 of the Dungeon)
 I - a ring of protection from cold
   (You took it off an orc warrior in a bailey)
 N - a ring of positive energy (left hand)
   (You found it on level 2 of the Dungeon)
Wands
 u - a wand of paralysis (13)
   (You found it on level 7 of the Dungeon)
Scrolls
 h - 2 scrolls of blinking
 j - a scroll of noise {!r}
 k - a scroll of summoning
 t - a scroll of teleportation {@r4}
 w - 2 scrolls of poison {!r}
 y - a scroll of fear
 D - a scroll of revelation
Potions
 d - 2 potions of curing {unknown}
 e - 2 potions of might {unknown}
 f - a potion of attraction {unknown}
 n - a potion of degeneration {unknown}
 o - a potion of cancellation {unknown}
 p - 2 potions of haste {unknown}
 r - a potion of invisibility {unknown}
 v - 2 potions of mutation {unknown}
 x - a potion of heal wounds {unknown}
 z - 2 potions of enlightenment {unknown}
 B - a potion of magic {unknown}
 C - a potion of berserk rage {unknown}


   Skills:
 + Level 7.7 Fighting
 * Level 10.2 Axes
 * Level 7.3 Ranged Weapons
 - Level 3.9 Throwing
 + Level 2.4 Armour
 - Level 2.1 Dodging


You had 8 spell levels left.
You didn't know any spells.
Your spell library was empty.

Dungeon Overview and Level Annotations

Branches:
Dungeon (8/15) Zot: 26891  Temple (0/1) D:5          Bailey (1/1) Zot: 5567
   Lair: D:8-11

Altars:
Hepliaklqana
Trog
Xom
The Shining One


Innate Abilities, Weirdness & Mutations

You have a pair of horns on your head.
You reflexively headbutt those who attack you in melee.


Message History

You drop a +0 chain mail.
Found a gate leading back out of this place.
An orc knight comes into view. It is wielding a +0 halberd.
The orc knight shouts!
The orc knight roars a battlecry!
You hear a shout!
There is an open door here.
Throw: dart (curare)
Press: ? - help, Shift-Dir - straight line, f - orc knight
Aim: an orc knight, wielding a +0 halberd and wearing a +0 chain mail (60% to hit)
You throw a curare-tipped dart.
The curare-tipped dart hits the orc knight.
The orc knight is poisoned.
The orc knight struggles to breathe.
The orc knight seems to slow down.
An orc warrior and an orc knight come into view.
The orc warrior shouts!
The orc knight shouts!
Found a ring mail.
You block the orc warrior's attack.
The orc knight roars a battlecry!
The orc knight goes into a battle-frenzy!
A red film seems to cover your vision as you go berserk!
You feel yourself moving faster!
You feel mighty!
You can no longer call in reinforcements.
The orc knight hits you from afar with a +0 halberd!!
The orc warrior hits you from afar with a +0 halberd.
Why would you want to do that?
You feel a strong urge to attack something.
You block the orc knight's attack.
You hit the orc knight.
The orc knight looks as sick as possible!
You slash the orc knight!
The orc knight looks as sick as possible!
The orc knight hits you from afar with a +0 halberd!!
The orc warrior hits you but does no damage.
The orc knight hits you with a +0 halberd.
You barely miss the orc knight.
The orc warrior hits you from afar with a +0 halberd!
* * * LOW HITPOINT WARNING * * *
You block the orc knight's attack.
You slash the orc knight!
The orc knight looks as sick as possible!
The orc knight is no longer moving slowly.
The orc knight hits you from afar with a +0 halberd.
* * * LOW HITPOINT WARNING * * *
The orc warrior hits you from afar with a +0 halberd!
* * * LOW HITPOINT WARNING * * *
The orc knight hits you with a +0 halberd.
* * * LOW HITPOINT WARNING * * *
You barely miss the orc knight.
The orc knight hits you from afar with a +0 halberd!!
You die...

##########..~~..###..~~..######
#.....)....~~..## ##..)).......
#.~~~~~~~~~~..##.∩.##..~)~)~)~~
#.~.....[....##.....##.).))....
#.~.#########'###+#############
#.).## ##......... ## #.~..##
##..≈§≈≈≈§≈. ##. #.~~..##
##..§≈o....≈≈ ##..
#∩.)~..#'#..o.@.⌠∩⌠... #..~
##.))..#'#..≈≈...⌠(..≈ #+#..~
#.~~..##.##..≈≈.o...≈§ ##.##..
#.~).##...#'..≈≈≈.≈≈≈. .$.##.
#.~)##.....##......... $$.##
#.~.#############'#############
#.~..........## .. #.........
#.~~~~~~~~~~..## .[##..~~~~~~~~
#..........~~..## ##..~~.......


You could see 2 orc knights and an orc warrior (strong).

Vanquished Creatures
  An orc knight (Bailey)
  Duvessa (D:7)
  2 water moccasins (D:7)
  3 orc warriors (Bailey)
  A centaur (D:8)
  A phantom (D:7)
  A kobold brigand (D:7)
  A brain worm (D:4)
  A gnoll sergeant (D:8)
  Dowan (D:7)
  5 killer bees (D:6)
  3 howler monkeys (D:7)
  An electric eel (D:7)
  A gnoll bouda (D:7)
  6 hounds
  2 jellies (D:4)
  A sleepcap (D:6)
  2 iguanas (D:7)
  4 orc wizards
  10 gnolls
  7 adders
  A shadow imp (D:6)
  2 white imps (D:6)
  3 dart slugs
  2 ribbon worms (D:2)
  35 orcs
  9 ball pythons
  5 endoplasms
  A giant cockroach (D:1)
  9 goblins
  4 hobgoblins (D:1)
  4 jackals (D:1)
  3 quokkas
  4 bats
  2 frilled lizards
  A goblin skeleton (D:6)
  2 goblin zombies (D:6)
  14 kobolds
  A kobold skeleton (D:6)
  A kobold zombie (D:6)
  2 orc zombies (D:6)
  6 rats
166 creatures vanquished.

Notes
Turn   | Place    | Note
-------+----------+-------------------------------------------
     0 | D:1      | Pooter the Minotaur Berserker began the quest for the Orb.
     0 | D:1      | Reached XP level 1. HP: 19/19 MP: 0/0
   216 | D:1      | Reached skill level 4 in Axes
   216 | D:1      | Reached skill level 1 in Throwing
   216 | D:1      | Reached XP level 2. HP: 20/27 MP: 1/1
   472 | D:1      | You fall into a shaft and drop 1 floor!
   818 | D:1      | Reached ** piety under Trog
   819 | D:1      | Reached XP level 3. HP: 30/33 MP: 2/2
  1464 | D:3      | Reached XP level 4. HP: 36/40 MP: 3/3
  1686 | D:3      | Reached skill level 5 in Axes
  1764 | D:3      | Found a hazy altar of Hepliaklqana.
  2030 | D:3      | Reached XP level 5. HP: 47/47 MP: 4/4
  2424 | D:4      | Reached XP level 6. HP: 55/55 MP: 5/5
  2613 | D:4      | Reached *** piety under Trog
  2706 | D:4      | Reached skill level 5 in Fighting
  2706 | D:4      | Reached skill level 6 in Axes
  2870 | D:4      | Found a bloodstained altar of Trog.
  2873 | D:4      | Reached skill level 1 in Ranged Weapons
  3222 | D:5      | Entered Level 5 of the Dungeon
  3232 | D:5      | Found a staircase to the Ecumenical Temple.
  3240 | D:5      | Found a shimmering altar of Xom.
  3784 | D:6      | Reached XP level 7. HP: 61/61 MP: 6/6
  3785 | D:6      | Found a glowing golden altar of the Shining One.
  3947 | D:6      | Reached skill level 7 in Axes
  4791 | D:7      | Identified the +1 dagger of Success {flame, Str+6}
  4839 | D:7      | Noticed Dowan
  4839 | D:7      | Noticed Duvessa
  4846 | D:7      | Killed Duvessa
  4847 | D:7      | Reached XP level 8. HP: 70/70 MP: 7/7
  4849 | D:7      | Killed Dowan
  4850 | D:7      | Reached skill level 8 in Axes
  5233 | D:7      | Reached skill level 5 in Ranged Weapons
  5347 | D:7      | Reached skill level 9 in Axes
  5680 | D:8      | Found a flagged portal.
  5693 | D:8      | Reached **** piety under Trog
  5745 | Bailey   | Entered a bailey
  5880 | Bailey   | Noticed an orc knight
  5883 | Bailey   | Reached XP level 9. HP: 78/79 MP: 8/8
  5986 | Bailey   | Killed an orc knight
  5987 | Bailey   | Reached skill level 10 in Axes
  6142 | Bailey   | Noticed an orc knight
  6145 | Bailey   | Noticed an orc knight
  6155 | Bailey   | Slain by an orc knight

Illustrated notes

Levels and vault maps discovered:
D:1:      minmay_arrival_plants_in_alcoves, layout_basic, minmay_quantized
D:2:      layout_loops_cross, minmay_misc_feat_nine_boxes
D:3:      layout_basic, mainiacjoe_overflow_alcove_2, corexii_corridor_pit
D:4:      layout_loops_ring, trog_antimagical, roderic_lattice_a,
          chequers_avenue
D:5:      layout_cave_pools, mainiacjoe_overflow_tiny_flanked, temple_pool_b
D:6:      layout_basic, nicolae_tso_besieged_by_evil
D:7:      layout_loops_cross, kennysheep_potato, uniq_duvessa
D:8:      layout_loops_ring, mainiacjoe_overflow_chevrons,
          mainiacjoe_overflow_cross_hatched, enter_bailey_5, uniq_maggie
Bailey:   bailey_polearm_1, bailey

Skill      XL: |  1  2  3  4  5  6  7  8  9 |
---------------+----------------------------+-----
Axes           | 4 5 6 7 9 10 | 10.2
Throwing       | 1 2 3 |  3.9
Fighting       | 4 5 6 7 |  7.7
Ranged Weapons | 1 4 6 7 |  7.3
Armour         | |  2.4
Dodging        | |  2.1

Action                     |  1- 3 |  4- 6 |  7- 9 || total
---------------------------+-------+-------+-------++-------
  Melee: Hand axe          |    87 |    73 |       ||   160
         Headbutt          |    19 |    17 |    21 ||    57
         Punch             |     1 |     2 |     1 ||     4
         Broad axe         |       |    18 |   130 ||   148
         Trident           |       |       |     4 ||     4
   Fire: Sling             |       |    13 |    12 ||    25
  Throw: Dart              |       |       |     2 ||     2
 Invoke: Berserk           |       |     2 |     6 ||     8
         Trog's Hand       |       |     2 |     6 ||     8
    Use: Scroll            |     3 |     6 |     5 ||    14
   Stab: Sleeping          |     1 |       |       ||     1
 Armour: Animal skin       |    24 |       |       ||    24
         Scale mail        |    26 |    57 |    62 ||   145
         Chain mail        |       |       |    40 ||    40
         Crystal plate arm |       |       |    10 ||    10
  Dodge: Dodged            |    42 |    39 |    69 ||   150
  Block: Kite shield       |       |       |    17 ||    17
